 Dungeon Crawl Stone Soup version 0.28-a0-1190-g77e1c55843 (webtiles) character file.

Game seed: 3349304541356860119

1273 Decritt the Skirmisher (level 8, -7/73 HPs)
             Began as a Minotaur Fighter on Dec 18, 2021.
             Was a Follower of Okawaru.
             Mangled by an orc warrior (9 damage)
             ... on level 9 of the Dungeon.
             The game lasted 00:11:50 (5963 turns).

Decritt the Skirmisher (Minotaur Fighter)           Turns: 5963, Time: 00:11:51

Health: -7/73      AC:  7    Str: 23    XL:     8   Next: 28%
Magic:  7/7        EV: 10    Int:  5    God:    Okawaru [*.....]
Gold:   289        SH:  6    Dex: 10    Spells: 7/7 levels left

rFire   . . .      SeeInvis .   o - +4 war axe "Bired" {flame, rElec Will+ rCorr}
rCold   . . .      Faith    .   c - +1 buckler
rNeg    . . .      Spirit   .   b - +0 scale mail
rPois   .          Reflect  .   (helmet restricted)
rElec   +          Harm     .   (no cloak)
rCorr   +          Rampage  .   (no gloves)
Will    +....                   (no boots)
Stlth   ..........              (no amulet)
HPRegen 0.22/turn               (no ring)
MPRegen 0.10/turn               (no ring)

@: studying Throwing
A: horns 2, retaliatory headbutt
a: Renounce Religion, Heroism


You were on level 9 of the Dungeon.
You worshipped Okawaru.
Okawaru was aware of your devotion.
You visited 1 branch of the dungeon, and saw 7 of its levels.
You also visited: Sewer.

You collected 958 gold pieces.
You spent 669 gold pieces at shops.

Inventory:

Hand Weapons
 o - the +4 war axe "Bired" (weapon) {flame, rElec Will+ rCorr}
   (You bought it in a shop on level 2 of the Dungeon)

   It burns those it strikes, dealing additional fire damage.
   Big, fiery blades are also staple armaments of hydra-hunters.
   rElec:     It insulates you from electricity.
   rCorr:     It protects you from acid and corrosion.
   Will:      It increases your willpower.
Missiles
 m - 3 silver javelins
 n - 2 boomerangs
 t - 20 poisoned darts
Armour
 b - a +0 scale mail (worn)
 c - a +1 buckler (worn)
Wands
 h - a wand of flame (12)
 v - a wand of digging (7)
Scrolls
 e - a scroll of holy word {unknown}
 g - a scroll of blinking
 i - a scroll of fog
 p - a scroll of enchant weapon
 q - 3 scrolls of teleportation {unknown}
 r - a scroll of identify
 u - a scroll of fear
Potions
 a - a potion of curing
 d - 2 potions of might
 f - a potion of heal wounds
 j - a potion of mutation {unknown}
 k - a potion of flight {unknown}
 l - 2 potions of haste {unknown}
 s - a potion of resistance {unknown}


   Skills:
 * Level 7.3 Fighting
 * Level 6.8 Axes
 + Level 3.3 Throwing
 * Level 6.5 Armour
 + Level 0.5 Dodging
 - Level 5.7 Shields
 + Level 0.5 Invocations


You had 7 spell levels left.
You didn't know any spells.
Your spell library contained the following spells:

 Spells                   Type           Power      Damage    Failure   Level
 Pain                     Necr           0%         1d4       77%         1
 Vampiric Draining        Necr           0%         2d6       98%         3
 Animate Skeleton         Necr           Unusable   N/A       N/A         1

Dungeon Overview and Level Annotations

Branches:
Dungeon (9/15)               Lair (0/6) D:8           Sewer (visited)
 Temple: D:4-7          Orc: D:9-12

Altars:
Cheibriados
Nemelex Xobeh
Okawaru
Uskayaw

Shops:
D:2 (


Innate Abilities, Weirdness & Mutations

You have a pair of horns on your head.
You reflexively headbutt those who attack you in melee.


Message History

You slash the steam dragon! You burn the steam dragon.
You headbutt the steam dragon, but do no damage.
The steam dragon is heavily wounded.
The steam dragon breathes steam at you. The ball of steam hits you!!
* * * LOW HITPOINT WARNING * * *
The orc zaps a wand.
The bolt of acid misses you. The steam dragon bites you.
* * * LOW HITPOINT WARNING * * *
The steam dragon barely misses you.
You hear a shout!
You hit the steam dragon. You burn the steam dragon.
The steam dragon is heavily wounded.
You are engulfed in a cloud of scalding steam.
* * * LOW HITPOINT WARNING * * *
The steam dragon bites you!
* * * LOW HITPOINT WARNING * * *
The steam dragon barely misses you.
An orc warrior comes into view. It is wielding a +0 dire flail.
You slash the steam dragon! You burn the steam dragon.
Your headbutt misses the steam dragon.
The steam dragon is almost dead.
You are engulfed in a cloud of scalding steam.
* * * LOW HITPOINT WARNING * * *
The steam dragon closely misses you. x2
Unknown command.
You closely miss the steam dragon.
The steam dragon is almost dead.
You block the steam dragon's attack. The steam dragon closely misses you.
An orc comes into view. It is wielding a +0 hand axe.
You hit the steam dragon. You burn the steam dragon.
You kill the steam dragon!
Okawaru accepts your kill.
You are too injured to fight recklessly!
You are too injured to fight recklessly!
You are too injured to fight recklessly!
The orc zaps a wand.
The bolt of acid hits you! You resist.
* * * LOW HITPOINT WARNING * * *
You hit the orc warrior but do no damage.
The orc warrior hits you with a +0 dire flail!
You die...

#........'.....
#####+####'#########..
............# #...
............# +...
######'##..# ####
#....#..# #....#..#
#....#..# #@...#..#
#..##+##o..####.
....oo..........
................
#####..#####.... ....
.... ...... ... +####.
.. ..


You could see an orc warrior.

Vanquished Creatures
  A komodo dragon (D:8)
  A steam dragon (D:9)
  An ogre (D:4)
  A centaur (D:4)
  2 bullfrogs (Sewer)
  A scorpion (D:4)
  A hound (D:4)
  A jelly (D:8)
  2 orc priests
  Terence (D:2)
  An iguana (D:4)
  2 orc wizards
  16 adders
  4 river rats
  An adder skeleton (D:4)
  5 worms
  3 dart slugs
  14 orcs
  19 ball pythons
  7 endoplasms
  6 goblins
  11 hobgoblins
  2 jackals
  3 quokkas
  7 bats
  6 frilled lizards
  9 kobolds
  35 rats
163 creatures vanquished.

Vanquished Creatures (others)
  A fungus (D:2)
  12 plants
13 creatures vanquished.

Grand Total: 176 creatures vanquished

Notes
Turn   | Place    | Note
-------+----------+-------------------------------------------
     0 | D:1      | Decritt the Minotaur Fighter began the quest for the Orb.
     0 | D:1      | Reached XP level 1. HP: 19/19 MP: 0/0
   206 | D:1      | Reached XP level 2. HP: 27/27 MP: 1/1
   280 | D:1      | Reached skill level 4 in Fighting
   554 | D:1      | Reached XP level 3. HP: 33/33 MP: 2/2
   810 | D:2      | Noticed Terence
   821 | D:2      | Killed Terence
   822 | D:2      | Reached XP level 4. HP: 14/41 MP: 3/3
  1191 | D:2      | Found a faded altar of an unknown god.
  1484 | D:2      | Found a sparkling altar of Nemelex Xobeh.
  1488 | D:2      | Found Silel's Weapon Boutique.
  2261 | D:3      | Reached skill level 5 in Fighting
  2261 | D:3      | Reached XP level 5. HP: 12/48 MP: 4/4
  2356 | D:3      | Found a glowing drain.
  2364 | Sewer    | Entered a sewer
  2968 | Sewer    | Reached XP level 6. HP: 11/56 MP: 5/5
  2990 | Sewer    | Reached skill level 5 in Axes
  3415 | D:3      | Reached skill level 5 in Shields
  3478 | D:3      | Reached skill level 5 in Armour
  3491 | D:3      | Reached skill level 6 in Fighting
  3639 | D:3      | Identified a scroll of acquirement
  3639 | D:3      | Acquired 734 gold pieces
  3726 | D:2      | Bought the +4 war axe "Bired" {flame, rElec Will+ rCorr}
                  | for 669 gold pieces
  4108 | D:4      | Reached skill level 1 in Throwing
  4134 | D:4      | Found an iron altar of Okawaru.
  4145 | D:4      | Reached XP level 7. HP: 60/63 MP: 6/6
  4146 | D:4      | Found a hide-covered altar of Uskayaw.
  4147 | D:4      | Found a snail-covered altar of Cheibriados.
  4152 | D:4      | Became a worshipper of Warmaster Okawaru
  5243 | D:5      | Entered Level 5 of the Dungeon
  5259 | D:5      | You fall into a shaft and drop 3 floors!
  5259 | D:8      | Noticed a komodo dragon
  5259 | D:8      | Found a staircase to the Lair.
  5266 | D:8      | Killed a komodo dragon
  5266 | D:8      | Reached * piety under Okawaru
  5267 | D:8      | Reached skill level 7 in Fighting
  5267 | D:8      | Reached XP level 8. HP: 38/73 MP: 7/7
  5960 | D:9      | HP: 2/73 [orc/bolt of acid (11)]
  5963 | D:9      | Mangled by an orc warrior

Illustrated notes

Levels and vault maps discovered:
D:1:      lemuel_arrival_hallway, layout_loops_ring, hangedman_feature_mirror
D:2:      minmay_angry_zag, layout_basic, shapermc_ecumenical_altar_gd,
          serial_shops, shop, basic_altar, minmay_misc_feat_cross,
          kennysheep_generic_room_16, uniq_terence
D:3:      layout_basic, lightli_sewer_entry_pipes
D:4:      layout_layer_cave, grunt_temple_overflow_open,
          minmay_fractal_squares_diagonal_5
D:5:      layout_basic, amethyst_overflow_temple_binary
D:8:      nicolae_cairo_tiling_very_big, layout_gridville,
          nicolae_overflow_hidden_temple, david_lair_shrubbed, serial_shops,
          shop, minmay_lindwurm_lava
D:9:      layout_grid_maze

Skill      XL: |  1  2  3  4  5  6  7 |
---------------+----------------------+-----
Fighting       | 4 5 6 7 |  7.3
Axes           | 3 4 5 6 |  6.8
Armour         | 4 5 6 |  6.5
Shields        | 4 5 |  5.7
Throwing       | 1 3 |  3.3
Dodging        | |  0.5
Invocations    | |  0.5

Action                   |  1- 3 |  4- 6 |  7- 9 || total
-------------------------+-------+-------+-------++-------
Melee: War axe           |    61 |    12 |    54 ||   127
       Headbutt          |    14 |    25 |     6 ||    45
       Morningstar       |       |   219 |       ||   219
Throw: Boomerang         |       |    15 |    12 ||    27
  Use: Scroll            |       |    13 |       ||    13
       Potion            |       |     3 |     1 ||     4
Armor: Scale mail        |    30 |   168 |    13 ||   211
Dodge: Dodged            |    34 |   155 |    30 ||   219
Block: Buckler           |     8 |    79 |    11 ||    98

Table legend: (Time is in decaauts)
 A = Elapsed time spent in this place.
 B = Non-inter-level travel time spent in this place.
 C = Inter-level travel time spent in this place.
 D = Time resting spent in this place.
 E = Time spent auto-exploring this place.
 F = Levels seen in this place.
 G = Mean time per level.
                   A        B        C        D        E       F      G
               +--------+--------+--------+--------+--------+-----+--------+
         Total |   6180 |   5923 |    257 |   1357 |   3361 |   8 |  772.5 |
       Dungeon |   5122 |   4865 |    257 |    937 |   3002 |   7 |  731.7 |
         Sewer |   1057 |   1057 |      0 |    420 |    359 |   1 | 1057.0 |
               +--------+--------+--------+--------+--------+-----+--------+

Top non-repeatable levels by time:
     D:2: 1416 daAuts
     D:4: 1229 daAuts
     D:3: 1061 daAuts
   Sewer: 1057 daAuts
     D:1: 690 daAuts
     D:8: 366 daAuts
     D:9: 342 daAuts
     D:5: 15 daAuts
